 Dungeon Crawl Stone Soup version 0.20.1-1-g8b1a95d (webtiles) character file.

6152 broninjaking the Cutter (level 10, 0/76 HPs)
             Began as a Demonspawn Abyssal Knight on Dec 10, 2017.
             Was a Priest of Lugonu.
             Slain by an orc
             ... wielding a +0 dagger
              (3 damage)
             ... on level 9 of the Dungeon.
             The game lasted 00:32:28 (6958 turns).

broninjaking the Cutter (Demonspawn Abyssal Knight) Turns: 6958, Time: 00:32:29

Health: 0/76       AC:  8    Str: 22    XL:     10   Next: 59%
Magic:  11/14      EV: 11    Int: 13    God:    Lugonu [***...]
Gold:   311        SH: 14    Dex: 12    Spells: 9/9 levels left

rFire    . . .     SeeInvis .   j - +4 dagger (elec)
rCold    + . .     Gourm    .   k - +0 shield
rNeg     . . .     Faith    .   d - +0 ring mail {rPois}
rPois    +         Spirit   .   l - +2 hat
rElec    .         Reflect  +   (no cloak)
rCorr    .         Harm     .   (no gloves)
MR       .....                  (no boots)
Stlth    +.........             G - +4 amulet of reflection
Regen    0.3/turn               e - ring of flight
MPRegen  0.2/turn               w - ring "Lylon" {rC+ Slay+3}

@: mighty
A: claws 1, horns 2, talons 2
a: Depart the Abyss, Bend Space, Banish, Renounce Religion, Evoke Flight


You were on level 9 of the Dungeon.
You worshipped Lugonu.
Lugonu was most pleased with you.
You were not hungry.

You visited 2 branches of the dungeon, and saw 10 of its levels.
You visited the Abyss 1 time.

You collected 311 gold pieces.

Inventory:

Hand Weapons
 a - a +1 spear
 j - a +4 dagger of electrocution (weapon)
 n - a +0 hunting sling
 r - a +0 great mace
 t - a +0 glaive of protection
 v - a +2 scimitar of flaming
 x - a cursed -2 shortbow
 z - a +0 long sword
 E - the +8 spear of Cocsuk {pierce, *Noise rElec Str+6 Stlth+}
   (You found it on level 7 of the Dungeon)

   It inflicts extra damage upon your enemies.
   It affects your strength (+6).
   It insulates you from electricity.
   It may make noises in combat.
   It makes you more stealthy.
 F - a +2 whip of flaming
Missiles
 y - 84 arrows
Armour
 b - a +0 leather armour
 d - a +0 ring mail of poison resistance (worn)
 k - a +0 shield (worn)
 l - a +2 hat (worn)
 H - a +0 animal skin
Jewellery
 e - a ring of flight (left claw)
 w - the ring "Lylon" (right claw) {rC+ Slay+3}
   (You found it on level 5 of the Dungeon)

   [ring of protection from cold]

   It affects your accuracy and damage with ranged weapons and melee attacks
   (+3).
   It protects you from cold.
 G - a +4 amulet of reflection (around neck)
Wands
 u - a wand of clouds (4/9)
Scrolls
 h - 6 scrolls of remove curse
 o - 3 scrolls of amnesia
Comestibles
 c - 2 bread rations
 f - 2 meat rations
 g - 2 royal jellies


   Skills:
 + Level 6.0 Fighting
 * Level 7.6 Short Blades
 - Level 2.1 Polearms
 + Level 6.1 Armour
 + Level 4.9 Dodging
 + Level 2.2 Stealth
 + Level 4.6 Shields
 + Level 4.4 Invocations
 * Level 6.6 Evocations


You had 9 spell levels left.
You didn't know any spells.

Dungeon Overview and Level Annotations

Branches:
Dungeon (9/15)             Temple (1/1) D:6
   Lair: D:8-11         Orc: D:9-12

Altars:
Ashenzari
Dithmenos
Elyvilon
Gozag
Hepliaklqana
Kikubaaqudgha
Makhleb
Nemelex Xobeh
Okawaru
Qazlal
Ru
Sif Muna
Trog
Uskayaw
Vehumet
Xom
Yredelemnul
Zin

Shops:
D:7 [


Innate Abilities, Weirdness & Mutations

You have sharp fingernails.
You have a pair of horns on your head.
You have razor-sharp toenails.


Message History

You aren't carrying any potions.
Okay, then.
You block the orc's attack. The orc closely misses you.
The orc hits you but does no damage.
There is an open door, spattered with blood here.
The orc wizard casts a spell at you. The magic dart hits you!
* * * LOW HITPOINT WARNING * * *
You puncture the orc!
You kill the orc!
Lugonu accepts your kill. You block the orc's attack. The orc misses you.
You block the orc's attack. x2; The orc barely misses you.
There is an open door, spattered with blood here.
You see here a flail.
You puncture the orc!
You kill the orc!
Lugonu accepts your kill. The orc hits you with a dagger.
You die...

......
..... ....
... ..
##'# #o.#
#.#
###@######
#.o[o....#
#...o....#
#........#
#........#
#........#
#.....)..#
#........#
#......).#


You could see an orc wizard and 3 orcs.

Vanquished Creatures
  Erica (D:8)
  2 two-headed ogres (D:9)
  Pikel (D:8)
  The ghost of Artikas the Slasher, an amateur MiFi (D:3)
  A hippogriff (D:8)
  A hungry ghost (D:8)
  Edmund (D:5)
  Menkaure (D:4)
  2 water moccasins (D:6)
  Duvessa (D:7)
  An ice beast (D:5)
  2 orc warriors (D:9)
  A black bear (D:7)
  A phantom (D:8)
  2 slaves (D:8)
  2 ogres
  3 centaurs
  Blork the orc (D:4)
  2 bullfrogs
  Dowan (D:7)
  2 scorpions (D:8)
  5 wights (D:8)
  5 killer bees (D:8)
  6 crimson imps
  A quasit (D:7)
  4 hounds
  A jelly (D:7)
  A gnoll shaman (D:5)
  3 orc priests
  2 centaur skeletons
  2 orc wizards
  3 iguanas
  2 worker ants
  A hound zombie (D:6)
  A worker ant zombie (D:5)
  7 adders
  9 gnolls
  2 shadow imps
  An adder skeleton (D:8)
  A worm (D:2)
  2 dart slugs (D:1)
  4 leopard geckos
  20 orcs
  7 bats
  A giant cockroach (D:3)
  8 goblins
  2 hobgoblins
  6 jackals
  5 kobolds
  3 quokkas
  A ball python (D:8)
  2 frilled lizards
  A jackal zombie (D:5)
  3 rats
  2 bushes (D:6)
  A plant (D:6)
155 creatures vanquished.

Vanquished Creatures (others)
  2 slaves (D:8)
  An orc warrior (D:9)
  A water moccasin skeleton (D:8)
  A centaur zombie (D:8)
  An orc wizard (D:8)
  3 orcs (D:8)
  A quokka (D:8)
10 creatures vanquished.

Grand Total: 165 creatures vanquished

Notes
Turn   | Place    | Note
-------+----------+-------------------------------------------
     0 | Abyss:1  | broninjaking the Demonspawn Abyssal Knight began the quest for the Orb.
     0 | Abyss:1  | Reached XP level 1. HP: 18/18 MP: 2/2
    20 | Abyss:1  | Noticed a wretched star
    22 | D:1      | Escaped the Abyss
   281 | D:2      | Reached skill level 1 in Dodging
   281 | D:2      | Gained mutation: You have sharp toenails. [demonic ancestry]
   281 | D:2      | Reached XP level 2. HP: 2/24 MP: 3/3
  1044 | D:1      | Reached XP level 3. HP: 27/29 MP: 4/4
  1386 | D:2      | Reached * piety under Lugonu
  1579 | D:3      | Noticed Artikas's ghost (amateur MiFi)
  1585 | D:3      | Killed Artikas's ghost
  1585 | D:3      | Reached skill level 1 in Short Blades
  1585 | D:3      | Reached XP level 4. HP: 7/37 MP: 5/5
  1585 | D:3      | Gained mutation: You have a pair of small horns on your head. [demonic ancestry]
  1585 | D:3      | Reached XP level 5. HP: 8/42 MP: 6/6
  1950 | D:3      | Gained mutation: You have sharp fingernails. [demonic ancestry]
  1950 | D:3      | Reached XP level 6. HP: 43/48 MP: 7/7
  1966 | D:3      | Reached skill level 2 in Short Blades
  2263 | D:4      | Noticed Menkaure
  2269 | D:4      | Killed Menkaure
  2489 | D:4      | Reached skill level 1 in Shields
  2589 | D:4      | Noticed Blork the orc
  2599 | D:4      | Killed Blork the orc
  2599 | D:4      | Gained mutation: You have razor-sharp toenails. [demonic ancestry]
  2599 | D:4      | Reached XP level 7. HP: 41/54 MP: 7/9
  2624 | D:4      | Found a white marble altar of Elyvilon.
  2939 | D:5      | Entered Level 5 of the Dungeon
  2953 | D:5      | Reached skill level 3 in Short Blades
  3115 | D:5      | Noticed Edmund
  3126 | D:5      | Killed Edmund
  3211 | D:5      | Got a scorched copper ring
  3213 | D:5      | Identified the ring "Lylon" {rC+ Slay+3} (You found it on level 5 of the Dungeon)
  3332 | D:5      | Reached XP level 8. HP: 58/61 MP: 10/10
  3355 | D:5      | Found a shadowy altar of Dithmenos.
  3357 | D:5      | Found a hide-covered altar of Uskayaw.
  3359 | D:5      | Found a basalt altar of Yredelemnul.
  3477 | D:5      | Reached ** piety under Lugonu
  3490 | D:5      | Reached skill level 1 in Stealth
  3801 | D:6      | Reached skill level 4 in Short Blades
  4081 | D:6      | Found a staircase to the Ecumenical Temple.
  4133 | Temple   | Entered the Ecumenical Temple
  4455 | D:6      | Reached skill level 5 in Short Blades
  4542 | D:6      | Reached skill level 5 in Armour
  4663 | D:7      | Noticed Dowan
  4664 | D:7      | Noticed Duvessa
  4670 | D:7      | Killed Dowan
  4680 | D:7      | Killed Duvessa
  4681 | D:7      | Found an iron altar of Okawaru.
  4690 | D:7      | Gained mutation: You have a pair of horns on your head. [demonic ancestry]
  4690 | D:7      | Reached XP level 9. HP: 18/67 MP: 12/12
  4932 | D:7      | Got a scorched spear
  4934 | D:7      | Found Opoytel's Armour Boutique.
  4961 | D:7      | Reached skill level 5 in Fighting
  5174 | D:8      | Noticed Pikel
  5176 | D:8      | Reached skill level 6 in Short Blades
  5202 | D:8      | Killed Pikel
  5491 | D:8      | Reached skill level 5 in Evocations
  5573 | D:8      | Reached *** piety under Lugonu
  5652 | D:8      | Noticed Erica
  5668 | D:8      | Killed Erica
  6158 | D:9      | Noticed a two-headed ogre
  6162 | D:8      | Identified the +8 spear of Cocsuk {pierce, *Noise rElec Str+6 Stlth+} (You found it on level 7 of the Dungeon)
  6166 | D:8      | HP: 3/69 [poisoned by a killer bee]
  6174 | D:8      | HP: 3/69 [poisoned by a killer bee]
  6496 | D:8      | Reached XP level 10. HP: 76/76 MP: 14/14
  6565 | D:8      | Reached skill level 7 in Short Blades
  6808 | D:9      | Killed a two-headed ogre
  6854 | D:9      | Noticed a two-headed ogre
  6862 | D:9      | Killed a two-headed ogre
  6955 | D:9      | HP: 3/76 [orc wizard/magic dart (9)]
  6958 | D:9      | Slain by an orc

Skill      XL: |  1  2  3  4  5  6  7  8  9 10 |
---------------+-------------------------------+-----
Dodging        | 1 2 3 4 |  4.9
Armour         | 2 3 4 5 6 |  6.1
Polearms       | 2 |  2.1
Short Blades   | 1 2 3 5 6 7 |  7.6
Evocations     | 2 3 4 5 6 |  6.6
Fighting       | 4 5 6 |  6.0
Shields        | 1 2 3 4 |  4.6
Stealth        | 1 2 |  2.2
Invocations    | 3 4 |  4.4

Action                   |  1- 3 |  4- 6 |  7- 9 | 10-12 || total
-------------------------+-------+-------+-------+-------++-------
Melee: Spear             |    98 |       |       |       ||    98
       Kick              |    18 |    14 |    79 |    11 ||   122
       Dagger            |     6 |    52 |   273 |    98 ||   429
       Headbutt          |       |     6 |    52 |     6 ||    64
Invok: Depart the Abyss  |     1 |       |       |       ||     1
       Bend Space        |       |       |     7 |     1 ||     8
       Banish            |       |       |     2 |     1 ||     3
 Abil: Evoke Flight      |       |     2 |       |       ||     2
Evoke: Wand              |       |       |     1 |     1 ||     2
  Use: Scroll            |     5 |       |     5 |     4 ||    14
       Potion            |       |       |       |     6 ||     6
  Eat: Chunk             |     2 |     1 |     3 |       ||     6
       Bread ration      |       |     1 |     1 |       ||     2
       Fruit             |       |       |     8 |       ||     8
       Meat ration       |       |       |     1 |       ||     1
Armor: Leather armour    |    63 |       |       |       ||    63
       Ring mail         |       |    16 |    94 |    27 ||   137
       Skin              |       |       |       |     7 ||     7
Dodge: Dodged            |   134 |    21 |   114 |    46 ||   315
Block: Shield            |     2 |    24 |   135 |    81 ||   242
       Reflection        |       |       |       |     3 ||     3
